 Dungeon Sprint DCSS version 0.29-a0-369-gd956c00756 (webtiles) character file.

Game seed: 12871737604819254267

27698 mhtbhm the Minotaur Blade (level 13, -2/148 HPs)
             Began as a Minotaur Berserker on May 2, 2022.
             Was the Champion of Trog.
             Drowned by a water nymph (11 damage)
             ... in the Dungeon (Sprint IX: "|||||||||||||||||||||||||||||").
             The game lasted 00:11:23 (4298 turns).

mhtbhm the Minotaur Blade (Minotaur Berserker)      Turns: 4298, Time: 00:11:24

Health: -2/148     AC: 22    Str: 29    XL:     13   Next: 5%
Magic:  12/12      EV: 15    Int:  4    God:    Trog [******]
Gold:   1212       SH:  8    Dex: 11    Spells: 12/12 levels left

rFire   . . .      SeeInvis .   a - +2 demon blade (flame)
rCold   . . .      Faith    .   x - +0 kite shield {reflect}
rNeg    . . .      Spirit   .   b - +0 swamp dragon scales
rPois   +          Reflect  +   y - +2 hat {Stlth+}
rElec   .          Harm     .   l - +0 cloak
rCorr   .          Rampage  .   m - +2 pair of gloves {Str+3}
Will    ++...      NoTele   +   k - +1 pair of boots
Stlth   ++........              (no amulet)
HPRegen 0.34/turn               G - ring of willpower
MPRegen 0.13/turn               H - ring of willpower

@: on berserk cooldown, slowed, very slow
A: horns 2, retaliatory headbutt
a: Renounce Religion, Berserk, Trog's Hand, Brothers in Arms


You were in the Dungeon.
You worshipped Trog.
Trog was exalted by your worship.
You visited 1 branch You collected 1927 gold pieces.
You spent 715 gold pieces at shops.

Inventory:

Hand Weapons
 a - a +2 demon blade of flaming (weapon)
 v - a +2 scimitar of holy wrath
 z - a +1 vorpal triple sword
 J - a +0 triple sword of holy wrath
Missiles
 o - 8 poisoned darts (quivered)
 p - a curare-tipped dart
 t - 7 boomerangs
 E - 2 throwing nets
Armour
 b - +0 swamp dragon scales (worn)
 k - a +1 pair of boots (worn)
 l - a +0 cloak (worn)
 m - a +2 pair of gloves of strength (worn)
 x - a +0 kite shield of reflection (worn)
 y - a +2 hat of stealth (worn)
Jewellery
 F - a ring of fire
 G - a ring of willpower (left hand)
 H - a ring of willpower (right hand)
 I - a ring of fire
Wands
 j - a wand of acid (5)
Scrolls
 h - 2 scrolls of blinking
 n - a scroll of fog
 q - 2 scrolls of fear
 r - 6 scrolls of enchant weapon
 s - 3 scrolls of identify
 u - 2 scrolls of enchant armour
 C - a scroll of silence
Potions
 c - 2 potions of invisibility
 d - 12 potions of heal wounds
 e - a potion of haste
 f - 4 potions of magic
 g - 2 potions of berserk rage
 i - 8 potions of curing
 w - a potion of cancellation
 A - 4 potions of attraction
 B - 2 potions of might
 D - a potion of ambrosia


   Skills:
 + Level 23.1 Fighting
 + Level 23.5 Long Blades
 + Level 4.8 Throwing
 + Level 16.4 Armour
 + Level 14.3 Dodging
 + Level 5.5 Stealth
 * Level 4.1 Shields
 + Level 3.5 Evocations


You had 12 spell levels left.
You didn't know any spells.
Your spell library was empty.

Dungeon Overview and Level Annotations

Branches:
Dungeon (1/1)

Altars:
Cheibriados
Dithmenos
Elyvilon
Fedhas
Gozag
Hepliaklqana
Kikubaaqudgha
Makhleb
Nemelex Xobeh
Okawaru
Qazlal
Ru
Sif Muna
Trog
Uskayaw
Vehumet
Wu Jian
Xom
Yredelemnul
Zin
The Shining One
Beogh
Jiyva
Lugonu

Shops:
D (*!*


Innate Abilities, Weirdness & Mutations

You have a pair of horns on your head.
You reflexively headbutt those who attack you in melee.


Message History

You kill the alligator snapping turtle!
Trog accepts your kill.
Your Shields skill increases to level 4!
Unknown command.
You enter the shallow water.
Moving in this stuff is going to be slow.
The water nymph touches you. The water nymph drowns you!
Unknown command.
Your unstable footing causes you to fumble your attack.
Unknown command.
You slice the water nymph!! You burn the water nymph.
The water nymph is severely wounded.
The water nymph touches you. The water nymph drowns you!
* * * LOW HITPOINT WARNING * * *
Unknown command.
You closely miss the water nymph.
The water nymph is severely wounded.
Unknown command.
Your unstable footing causes you to fumble your attack.
You block the water nymph's attack.
Unknown command.
Your unstable footing causes you to fumble your attack.
You are no longer berserk.
You are exhausted.
You feel yourself slow down. The water nymph touches you.
The water nymph drowns you!
* * * LOW HITPOINT WARNING * * *
Unknown command.
You hit the water nymph but do no damage.
The water nymph is severely wounded.
The water nymph gestures at you while chanting.
The water swirls and strikes you!
* * * LOW HITPOINT WARNING * * *
Your unstable footing causes you to fumble your attack.
The water nymph misses you. You furiously retaliate!
You headbutt the water nymph, but do no damage.
Unknown command.
Your unstable footing causes you to fumble your attack.
The water nymph touches you. The water nymph drowns you!
You die...

.▓.▓.▓.▓.▓.▓.▓)▓.▓
)▓.▓.▓.▓.▓.▓.▓.▓.▓
†▓.▓(▓.▓)▓.▓.▓.▓.▓
.▓.▓.▓.▓)▓.▓.▓.▓)▓
.▓.▓.▓.▓.▓.▓)▓.▓†▓
'▓.▓.▓.▓)▓.▓)▓.▓)▓
_▓.▓.▓.▓)▓.▓)▓.▓.▓
_▓.▓.▓.▓)▓.▓)▓.▓†▓
_▓.▓.▓.▓.▓.▓.▓.▓@▓
_▓.▓.▓.▓)▓.▓)▓.▓m▓
_▓.▓'▓.▓)▓.▓)▓.▓S▓
_▓.▓÷▓.▓.▓.▓)▓.▓.▓
_▓.▓÷▓.▓.▓.▓.▓.▓.▓
_▓.▓.▓.▓.▓.▓[▓.▓.▓
_▓.▓.▓.▓.▓.▓[▓.▓+▓
_▓.▓.▓.▓.▓.▓[▓.▓
_▓.▓.▓.▓)▓.▓(▓.▓


You could see a sea snake and a water nymph.

Vanquished Creatures
  A sphinx (D)
  Gastronok (D)
  Donald (D)
  2 stone giants (D)
  Harold (D)
  An alligator snapping turtle (D)
  A two-headed ogre (D)
  A merfolk avatar (D)
  A death knight (D)
  A satyr (D)
  An orc knight (D)
  A glowing orange brain (D)
  2 lindwurms (D)
  An ugly thing (D)
  6 orc sorcerers (D)
  A black mamba (D)
  A guardian serpent (shapeshifter) (D)
  2 elephants (D)
  Maurice (D)
  2 water nymphs (D)
  3 cane toads (D)
  A torpor snail (D)
  A komodo dragon (D)
  A freezing wraith (D)
  A tengu conjurer (D)
  A polar bear (D)
  2 trolls (D)
  A slime creature (D)
  A tyrant leech (D)
  A snapping turtle (D)
  A water elemental (D)
  4 yaks (D)
  A wyvern (D)
  2 basilisks (D)
  An acid dragon (D)
  A water moccasin (D)
  9 orc warriors (D)
  A wolf (D)
  3 centaurs (D)
  2 kobold brigands (D)
  A bullfrog (D)
  6 orc priests (D)
  A hound (D)
  An iguana (D)
  10 orc wizards (D)
  An adder (D)
  6 worms (D)
  4 orcs (D)
  An endoplasm (D)
  3 giant cockroaches (D)
  A ball python (D)
102 creatures vanquished.

Vanquished Creatures (collateral kills)
  Saint Roka (D)
  A very ugly thing (D)
  A fire dragon (D)
  2 orc knights (D)
  2 ugly things (D)
  A manticore (D)
  An orc sorcerer (D)
  A cyclops (D)
  2 orc warriors (D)
  An orc priest (D)
  4 orcs (D)
17 creatures vanquished.

Grand Total: 119 creatures vanquished

Notes
Turn   | Place    | Note
-------+----------+-------------------------------------------
     0 | D        | mhtbhm the Minotaur Berserker began the quest for the Orb.
     0 | D        | Reached XP level 1. HP: 19/19 MP: 0/0
    14 | D        | Reached ** piety under Trog
    70 | D        | Noticed a hound
    70 | D        | Noticed an iguana
    77 | D        | Reached XP level 2. HP: 28/28 MP: 1/1
    87 | D        | Reached *** piety under Trog
    88 | D        | Reached skill level 5 in Fighting
    88 | D        | Reached XP level 3. HP: 36/37 MP: 2/2
    97 | D        | Reached XP level 4. HP: 15/45 MP: 3/3
   202 | D        | Found a snail-covered altar of Cheibriados.
   202 | D        | Found a shadowy altar of Dithmenos.
   202 | D        | Found a white marble altar of Elyvilon.
   202 | D        | Found a blossoming altar of Fedhas.
   202 | D        | Found an opulent altar of Gozag.
   203 | D        | Found a hazy altar of Hepliaklqana.
   204 | D        | Found a viscous altar of Jiyva.
   205 | D        | Found an ancient bone altar of Kikubaaqudgha.
   206 | D        | Found a corrupted altar of Lugonu.
   207 | D        | Found a burning altar of Makhleb.
   208 | D        | Found a sparkling altar of Nemelex Xobeh.
   209 | D        | Found an iron altar of Okawaru.
   210 | D        | Found a stormy altar of Qazlal.
   211 | D        | Found a sacrificial altar of Ru.
   212 | D        | Found a shimmering blue altar of Sif Muna.
   213 | D        | Found a bloodstained altar of Trog.
   214 | D        | Found a hide-covered altar of Uskayaw.
   215 | D        | Found a radiant altar of Vehumet.
   216 | D        | Found an ornate altar of the Wu Jian Council.
   217 | D        | Found a shimmering altar of Xom.
   218 | D        | Found a basalt altar of Yredelemnul.
   219 | D        | Found a glowing silver altar of Zin.
   288 | D        | Found a glowing golden altar of the Shining One.
   341 | D        | Noticed a centaur
   341 | D        | Noticed a two-headed ogre
   341 | D        | Noticed a centaur
   341 | D        | Noticed a kobold brigand
   341 | D        | Noticed a centaur
   341 | D        | Noticed a kobold brigand
   347 | D        | Killed a two-headed ogre
   348 | D        | Reached XP level 5. HP: 31/61 MP: 4/4
   348 | D        | Reached XP level 6. HP: 34/68 MP: 5/5
   348 | D        | Reached XP level 7. HP: 37/74 MP: 6/6
   349 | D        | Reached **** piety under Trog
   359 | D        | Reached ***** piety under Trog
   360 | D        | Reached XP level 8. HP: 26/85 MP: 7/7
   604 | D        | Noticed a troll
   604 | D        | Noticed a troll
   604 | D        | Noticed a slime creature
   604 | D        | Noticed a guardian serpent
   607 | D        | Killed a troll
   610 | D        | Killed a troll
   610 | D        | Received a gift from Trog
   614 | D        | Killed a slime creature
   615 | D        | Reached skill level 15 in Long Blades
   624 | D        | Killed a guardian serpent
   625 | D        | Reached XP level 9. HP: 96/96 MP: 8/8
   736 | D        | Noticed Maurice
   770 | D        | Killed Maurice
   771 | D        | Reached skill level 1 in Stealth
  1043 | D        | Noticed a komodo dragon
  1043 | D        | Noticed a cane toad
  1043 | D        | Noticed a black mamba
  1043 | D        | Noticed a cane toad
  1047 | D        | Killed a komodo dragon
  1047 | D        | Noticed a torpor snail
  1048 | D        | Reached skill level 15 in Fighting
  1049 | D        | Killed a cane toad
  1050 | D        | Reached skill level 1 in Evocations
  1055 | D        | Killed a black mamba
  1056 | D        | Reached skill level 10 in Armour
  1058 | D        | Reached ****** piety under Trog
  1058 | D        | Received a gift from Trog
  1062 | D        | Killed a cane toad
  1069 | D        | Killed a torpor snail
  1070 | D        | Reached XP level 10. HP: 42/107 MP: 9/9
  1465 | D        | Noticed an elephant
  1465 | D        | Noticed a cane toad
  1465 | D        | Noticed an elephant
  1473 | D        | Reached skill level 10 in Dodging
  1476 | D        | Killed an elephant
  1481 | D        | Killed a cane toad
  1481 | D        | Received a gift from Trog
  1486 | D        | Killed an elephant
  1626 | D        | Noticed a lindwurm
  1626 | D        | Noticed a lindwurm
  1639 | D        | Killed a lindwurm
  1641 | D        | Received a gift from Trog
  1644 | D        | Killed a lindwurm
  1750 | D        | Noticed Gastronok
  1767 | D        | Killed Gastronok
  1768 | D        | Reached XP level 11. HP: 95/118 MP: 10/10
  1907 | D        | Received a gift from Trog
  1982 | D        | Noticed an orc knight
  1992 | D        | Noticed an orc sorcerer
  2001 | D        | Noticed an orc knight
  2001 | D        | Killed an orc knight
  2001 | D        | Received a gift from Trog
  2005 | D        | Noticed an orc knight
  2023 | D        | Killed an orc sorcerer
  2024 | D        | Killed an orc knight
  2024 | D        | Received a gift from Trog
  2026 | D        | Killed an orc knight
  2418 | D        | Found Zobbameg's Weapon Emporium.
  2418 | D        | Noticed an orc sorcerer
  2419 | D        | Noticed an orc sorcerer
  2422 | D        | Found Yjoduigh's General Store.
  2426 | D        | Killed an orc sorcerer
  2427 | D        | Reached skill level 1 in Throwing
  2428 | D        | Noticed an orc sorcerer
  2428 | D        | Received a gift from Trog
  2429 | D        | Found Mayx Appaps's Distillery.
  2437 | D        | Found Qecamig's General Store.
  2439 | D        | Killed an orc sorcerer
  2442 | D        | Killed an orc sorcerer
  2442 | D        | Received a gift from Trog
  2443 | D        | Noticed an orc sorcerer
  2446 | D        | Noticed an orc sorcerer
  2447 | D        | Noticed an orc sorcerer
  2449 | D        | Killed an orc sorcerer
  2456 | D        | Killed an orc sorcerer
  2459 | D        | Killed an orc sorcerer
  2461 | D        | Received a gift from Trog
  2597 | D        | Bought a potion of curing for 42 gold pieces
  2597 | D        | Bought a potion of curing for 42 gold pieces
  2599 | D        | Bought a potion of heal wounds for 60 gold pieces
  2599 | D        | Bought a potion of attraction for 36 gold pieces
  2599 | D        | Bought a potion of curing for 36 gold pieces
  2599 | D        | Bought a potion of curing for 36 gold pieces
  2599 | D        | Bought a potion of might for 48 gold pieces
  2599 | D        | Bought 2 potions of attraction for 72 gold pieces
  2599 | D        | Bought a potion of might for 48 gold pieces
  2599 | D        | Bought a potion of berserk rage for 60 gold pieces
  2601 | D        | Bought a potion of invisibility for 80 gold pieces
  2601 | D        | Bought a scroll of silence for 75 gold pieces
  2601 | D        | Bought a potion of ambrosia for 80 gold pieces
  2641 | D        | Noticed Harold
  2651 | D        | Killed Harold
  2850 | D        | Noticed a death knight
  2850 | D        | Noticed a green ugly thing
  2860 | D        | Noticed a purple ugly thing
  2861 | D        | Noticed a green very ugly thing
  2864 | D        | Killed a death knight
  2865 | D        | Reached XP level 12. HP: 52/134 MP: 11/11
  2871 | D        | Noticed a stone giant
  2873 | D        | Killed a green very ugly thing
  2873 | D        | Received a gift from Trog
  2893 | D        | Noticed a fire dragon
  2894 | D        | Killed a stone giant
  2897 | D        | Killed a fire dragon
  2897 | D        | Received a gift from Trog
  2898 | D        | Reached skill level 15 in Armour
  2938 | D        | Noticed a stone giant
  3240 | D        | Killed a stone giant
  3532 | D        | Noticed a sphinx
  3546 | D        | Killed a sphinx
  3720 | D        | Noticed Saint Roka
  3725 | D        | Received a gift from Trog
  3738 | D        | Killed Saint Roka
  3739 | D        | Reached skill level 5 in Stealth
  3986 | D        | Noticed Donald
  3998 | D        | Killed Donald
  4051 | D        | Noticed a satyr
  4051 | D        | Noticed a merfolk avatar
  4055 | D        | Received a gift from Trog
  4056 | D        | Noticed an alligator snapping turtle
  4066 | D        | Reached skill level 1 in Shields
  4265 | D        | Killed a satyr
  4269 | D        | Received a gift from Trog
  4278 | D        | Killed a merfolk avatar
  4279 | D        | Reached XP level 13. HP: 135/148 MP: 12/12
  4298 | D        | Drowned by a water nymph

Illustrated notes

Levels and vault maps discovered:
D:        linesprint [early_d, line_temple, items_1, d_10, items_2, lair_1,
          lair_end, items_3, orc_1, orc_end, items_4, d_15, swamp_1, shoals_1,
          snake_1, spider_1, d_20, vaults_1, items_5, swamp_end, shoals_end,
          snake_end, spider_end, vaults_end, d_27, items_6, zot_1, zot_end,
          crypt_end, forest_end, elf_end, slime_end, tomb_end, abyss_end,
          pan_hell_end]

Skill      XL: |  1  2  3  4  5  6  7  8  9 10 11 12 13 |
---------------+----------------------------------------+-----
Fighting       | 4 5 6 11 12 14 16 17 20 23 | 23.1
Long Blades    | 4 6 7 12 13 16 18 20 21 23 | 23.5
Armour         | 3 6 7 9 10 12 14 16 | 16.4
Dodging        | 3 6 7 8 9 11 13 14 | 14.3
Stealth        | 1 3 5 |  5.5
Evocations     | 1 2 3 |  3.5
Throwing       | 2 4 |  4.8
Shields        | 3 4 |  4.1

Action                   |  1- 3 |  4- 6 |  7- 9 | 10-12 | 13-15 || total
-------------------------+-------+-------+-------+-------+-------++-------
Melee: Falchion          |    34 |       |       |       |       ||    34
       Headbutt          |     4 |       |    16 |    78 |     3 ||   101
       Scimitar          |       |     4 |    58 |   200 |       ||   262
       Punch             |       |       |       |     5 |       ||     5
       Demon blade       |       |       |       |    69 |    18 ||    87
Throw: Dart              |       |       |     1 |     7 |       ||     8
Invok: Berserk           |     1 |     1 |     2 |     8 |       ||    12
       Brothers in Arms  |       |       |       |     4 |       ||     4
Evoke: Wand              |       |     1 |     3 |     1 |       ||     5
  Use: Potion            |     1 |       |     2 |     6 |       ||     9
       Scroll            |       |       |       |     1 |       ||     1
 Stab: Distracted        |       |       |       |     1 |       ||     1
Armor: Animal skin       |     6 |       |       |       |       ||     6
       Scale mail        |       |     1 |    14 |    50 |       ||    65
       Swamp dragon scal |       |       |       |    25 |     2 ||    27
Dodge: Dodged            |    21 |     1 |    19 |    86 |     2 ||   129
Block: Kite shield       |       |       |       |     5 |     2 ||     7
       Reflection        |       |       |       |     1 |       ||     1

Table legend: (Time is in decaauts)
 A = Elapsed time spent in this place.
 B = Non-inter-level travel time spent in this place.
 C = Inter-level travel time spent in this place.
 D = Time resting spent in this place.
 E = Time spent auto-exploring this place.
 F = Levels seen in this place.
 G = Mean time per level.
                   A        B        C        D        E       F      G
               +--------+--------+--------+--------+--------+-----+--------+
         Total |   4281 |   4281 |      0 |   2593 |    496 |   1 | 4281.0 |
       Dungeon |   4281 |   4281 |      0 |   2593 |    496 |   1 | 4281.0 |
               +--------+--------+--------+--------+--------+-----+--------+

Top non-repeatable levels by time:
       D: 4281 daAuts
